AoeStats
← Mameluco

Arabian Desert

509207783Analyzed
1v1 RM · 5d ago on Sep 25, 2026· 35m 13s· 2 players
Game mode
Random Map
Map size
Tiny (2 player)
Population
200
Speed
Normal
Resources
Standard
Victory
Conquest
Starting age
Dark Age
Ending age
Imperial Age
RankedLock teamsTeams togetherTeam positionsShared explorationLock speedFull tech treeHidden civsTurbo modeCheats
Victory
Defeat
🇪🇸 Tupi · Spain
843
+16
🇧🇷 Franks · Brazil
841
-16
druciaki
9:23 Loom
11:42 Feudal Age
13:11 Double-Bit Axe
17:45 Castle Age
18:24 Scale Barding Armor
19:27 Gold Mining
23:09 Gold Shaft Mining
23:43 Bow Saw
24:22 Husbandry
30:02 Wheelbarrow
29:15 Town Watch
30:31 Chain Barding Armor
Mameluco
1:49 Loom
10:33 Feudal Age
17:51 Castle Age
16:17 Gold Mining
17:16 Double-Bit Axe
17:24 Stone Mining
22:30 Padded Archer Armor
23:33 Gold Shaft Mining
22:53 Fletching
23:56 Bodkin Arrow
Connection lost

Rejoining the realm…

Still unreachable

The connection could not be restored.

Session expired

The server has moved on; the page needs a fresh start.